 Dungeon Crawl Stone Soup version 0.30-a0-393-g54b8e3be05 (webtiles) character file.

Game seed: 12160498494370064097

149 zishaf the Gusty (level 5, -10/30 HPs)
             Began as a Tengu Air Elementalist on Dec 5, 2022.
             Killed from afar by an electric eel (13 damage)
             ... with a bolt of electricity
             ... on level 3 of the Dungeon.
             The game lasted 00:03:24 (2676 turns).

zishaf the Gusty (Tengu Air Elementalist)           Turns: 2676, Time: 00:03:25

Health: -10/30     AC:  2    Str:  9    XL:     5   Next: 31%
Magic:  9/9        EV: 18    Int: 23    God:
Gold:   83         SH:  0    Dex: 14    Spells: 1/8 levels left

rFire   . . .      SeeInvis .    s - +2 short sword (speed)
rCold   . . .      Faith    .    (no shield)
rNeg    . . .      Spirit   .    a - +0 robe
rPois   .          Reflect  .    (helmet restricted)
rElec   .          Harm     .    (no cloak)
rCorr   .          Rampage  .    (no gloves)
Will    .....                    (boots unavailable)
Stlth   ++........               f - amulet of magic regeneration
HPRegen 0.25/turn                m - +6 ring of intelligence
MPRegen 0.51/turn                p - +4 ring of evasion

@: flying quickly and evasively, quick
A: beak, talons 3, nimble flight
a: no special abilities


You were on level 3 of the Dungeon.
You visited 1 branch of the dungeon, and saw 3 of its levels.

You collected 83 gold pieces.

Inventory:

Hand Weapons
 c - a +0 short sword
 s - a +2 short sword of speed (weapon)
Missiles
 g - 2 curare-tipped darts
 t - a throwing net
Armour
 a - a +0 robe (worn)
Jewellery
 f - an amulet of magic regeneration (around neck)
 m - a +6 ring of intelligence (left hand)
 p - a +4 ring of evasion (right hand)
Wands
 u - a wand of flame (21)
Scrolls
 d - 2 scrolls of identify {unknown}
 h - 4 scrolls of fear {unknown}
 i - a scroll of silence {unknown}
 j - a scroll of teleportation {unknown}
 k - a scroll of summoning {unknown}
 n - 3 scrolls of fog {unknown}
 q - a scroll of poison {unknown}
Potions
 b - a potion of magic
 e - 3 potions of resistance {unknown}
 l - 2 potions of degeneration {unknown}
 o - a potion of haste {unknown}
 r - a potion of brilliance {unknown}


   Skills:
 + Level 2.1 Fighting
 - Level 2.1 Dodging
 - Level 2.0 Stealth
 - Level 2.0 Spellcasting
 + Level 3.4 Conjurations
 * Level 6.1 Air Magic


You had one spell level left.
You knew the following spells:

 Your Spells              Type           Power      Damage    Failure   Level
a - Shock                 Conj/Air       96%        1d9       1%          1
b - Airstrike             Air            15%        2d(3-19)  10%         4
A - Static Discharge      Conj/Air       48%        2-4/arc   2%          2

Your spell library contained the following spells:

 Spells                   Type           Power      Damage    Failure   Level
 Swiftness                Air            30%        N/A       3%          3


Dungeon Overview and Level Annotations

Branches:
Dungeon (3/15)

Altars:

Annotations:
D:3 1 transporter


Innate Abilities, Weirdness & Mutations

You have a beak for a mouth.
You have claws for feet.
Your magical nature lets you fly swiftly and evasively.


Message History

Casting: Shock (safe; 1% risk of failure)
Confirm with . or Enter, or press ? or * to list all spells.
You can't see any susceptible monsters within range! (Use Z to cast anyway.)
Casting: Shock (safe; 1% risk of failure)
Confirm with . or Enter, or press ? or * to list all spells.
You can't see any susceptible monsters within range! (Use Z to cast anyway.)
Casting: Shock (safe; 1% risk of failure)
Confirm with . or Enter, or press ? or * to list all spells.
Aiming: Shock (safe; 1% risk of failure)
Press: ? - help, Shift-Dir - straight line, f/p - adder
Aim: an adder (heavily wounded, 57% to hit)
The zap hits the adder.
The adder is severely wounded.
Casting: Shock (safe; 1% risk of failure)
Confirm with . or Enter, or press ? or * to list all spells.
Aiming: Shock (safe; 1% risk of failure)
Press: ? - help, Shift-Dir - straight line, f/p - adder
Aim: an adder (severely wounded, 57% to hit)
The zap hits the adder!
You kill the adder!
Casting: Shock (safe; 1% risk of failure)
Confirm with . or Enter, or press ? or * to list all spells.
You can't see any susceptible monsters within range! (Use Z to cast anyway.)
There is a transporter here.
You enter the transporter and appear at another place.
u - a wand of flame (21)
You hit the plant.
The plant begins to die.
You claw the plant.
The plant is lightly damaged.
A nearby plant withers and dies.
You hit the plant.
The plant begins to die.
The plant is lightly damaged.
You reach down and open the door.
The electric eel shoots out a bolt of lightning at you!
The bolt of electricity hits you!
A nearby plant withers and dies.
The electric eel shoots out a bolt of lightning at you!
The bolt of electricity hits you!
* * * LOW HITPOINT WARNING * * *
The bolt of electricity hits you!
You die...

# #.........# #####
#. #.#.#.##### #....
#.#####.#.#....#
#....
#...........##.##
#....
#.#.#.#.#.###...####
#....
#(....#.##....©....#
#....
#.#.....##.#######.#
#....
#.#......#.#8.©.8#.#
#....
#.#......#.#~...@#.#
#....
#.#......#.###'###.#
#....
.........#.#S...S#.#
#....
#.#......#.#S...S#.#
#####
#.#......#.#~...~#.#
#.##.....#.#~.⌠.~#.#
#.#<.....#.#~...~#.#
#.########.#~...~#.#
.........# #~...~#.#


You could see 4 electric eels.

Vanquished Creatures
  An orc priest (D:3)
  5 adders
  A worm (D:2)
  A dart slug (D:1)
  5 orcs (D:3)
  2 endoplasms
  A giant cockroach (D:1)
  8 goblins
  5 hobgoblins
  6 jackals (D:1)
  4 quokkas (D:2)
  7 ball pythons
  6 bats
  3 frilled lizards
  2 kobolds (D:2)
  6 rats
63 creatures vanquished.

Vanquished Creatures (others)
  2 plants (D:3)
2 creatures vanquished.

Grand Total: 65 creatures vanquished

Notes
Turn   | Place    | Note
-------+----------+-------------------------------------------
     0 | D:1      | zishaf the Tengu Air Elementalist began the quest for the
                  | Orb.
     0 | D:1      | Reached XP level 1. HP: 10/10 MP: 4/4
   160 | D:1      | Reached XP level 2. HP: 16/16 MP: 1/6
   181 | D:1      | Learned a level 2 spell: Static Discharge
   733 | D:1      | Reached skill level 1 in Fighting
   782 | D:1      | Reached XP level 3. HP: 20/20 MP: 5/7
  1163 | D:2      | Reached skill level 5 in Air Magic
  1269 | D:2      | Reached XP level 4. HP: 25/25 MP: 4/8
  2236 | D:3      | Learned a level 4 spell: Airstrike
  2492 | D:3      | Reached skill level 6 in Air Magic
  2492 | D:3      | Gained mutation: Your magical nature lets you fly swiftly
                  | and evasively. [Tengu growth]
  2492 | D:3      | Reached XP level 5. HP: 20/30 MP: 4/9
  2620 | D:3      | Found a transporter.
  2634 | D:3      | Found a transporter.
  2676 | D:3      | Killed from afar by an electric eel

Illustrated notes

Levels and vault maps discovered:
D:1:      psy_arrival_statuary, layout_basic, serial_forest,
          infiniplex_forest_lined_2, infiniplex_forest_clump_curved,
          infiniplex_forest_clump_small, infiniplex_forest_lined_room_3,
          infiniplex_forest_straight_3, infiniplex_forest_clump_tiny,
          infiniplex_forest_pool
D:2:      layout_basic, reono_crystal_passage
D:3:      gammafunk_steamed_eel, layout_basic, gammafunk_ghost_arena,
          uniq_grinder, uniq_jessica

Skill      XL: |  1  2  3  4 |
---------------+-------------+-----
Conjurations   | 2 3 |  3.4
Fighting       | 1 2 |  2.1
Air Magic      | 5 6 |  6.1
Dodging        | |  2.1
Stealth        | |  2.0
Spellcasting   | |  2.0

Action                   |  1- 3 |  4- 6 || total
-------------------------+-------+-------++-------
Melee: Unarmed           |    10 |       ||    10
       Kick              |     4 |     1 ||     5
       Peck              |     1 |       ||     1
       Short sword       |       |     3 ||     3
 Cast: Shock             |    65 |    64 ||   129
       Static Discharge  |       |     1 ||     1
Armor: Robe              |     5 |     1 ||     6
Dodge: Dodged            |    20 |     7 ||    27

Table legend: (Time is in decaauts)
 A = Elapsed time spent in this place.
 B = Non-inter-level travel time spent in this place.
 C = Inter-level travel time spent in this place.
 D = Time resting spent in this place.
 E = Time spent auto-exploring this place.
 F = Levels seen in this place.
 G = Mean time per level.
                   A        B        C        D        E       F      G
               +--------+--------+--------+--------+--------+-----+--------+
         Total |   2660 |   2560 |    100 |     11 |   2204 |   3 |  886.7 |
       Dungeon |   2660 |   2560 |    100 |     11 |   2204 |   3 |  886.7 |
               +--------+--------+--------+--------+--------+-----+--------+

Top non-repeatable levels by time:
     D:1: 1142 daAuts
     D:2: 1088 daAuts
     D:3: 430 daAuts
